 Dungeon Crawl Stone Soup version 0.28-a0-723-g095bd1b44f (webtiles) character file.

Game seed: 13840057438984958920

163 demibob the Chopper (level 5, -10/46 HPs)
             Began as a Hill Orc Gladiator on Oct 26, 2021.
             Killed by nerve-wracking pain
             ... invoked by an orc priest
              (12 damage)
             ... on level 4 of the Dungeon.
             The game lasted 00:04:07 (2677 turns).

demibob the Chopper (Hill Orc Gladiator)            Turns: 2677, Time: 00:04:07

Health: -10/46     AC:  7    Str: 17    XL:     5   Next: 44%
Magic:  5/5        EV: 12    Int:  8    God:
Gold:   150        SH:  0    Dex: 13    Spells: 4/4 levels left

rFire   . . .      SeeInvis .   a - +0 war axe
rCold   . . .      Faith    .   (no shield)
rNeg    . . .      Spirit   .   b - +0 leather armour
rPois   .          Reflect  .   c - +1 helmet
rElec   .          Harm     .   (no cloak)
rCorr   .          Rampage  .   (no gloves)
Will    .....                   (no boots)
Stlth   +.........              (no amulet)
HPRegen 0.15/turn               (no ring)
MPRegen 0.09/turn               (no ring)

@: attractive, flying
A: iridescent scales 1, robust 1
a: Convert to Beogh


You were on level 4 of the Dungeon.
You visited 1 branch of the dungeon, and saw 4 of its levels.

You collected 150 gold pieces.


Innate Abilities, Weirdness & Mutations

You are partially covered in iridescent scales. (AC +2)
You are robust. (+10% HP)


   Skills:
 - Level 2.4 Fighting
 + Level 7.9 Axes
 - Level 1.7 Throwing
 - Level 2.4 Dodging


You had 4 spell levels left.
You didn't know any spells.
Your spell library contained the following spells:

 Spells                   Type           Power      Damage    Failure   Level
 Magic Dart               Conj           0%         1d3       47%         1
 Corpse Rot               Necr/Air       0%         N/A       63%         2
 Poisonous Vapours        Pois/Air       0%         N/A       63%         2
 Searing Ray              Conj           0%         2d4       63%         2
 Fulminant Prism          Conj/Hex       0%         3d6       99%         4

Inventory:

Hand Weapons
 a - a +0 war axe (weapon)
Missiles
 d - 3 throwing nets (quivered) {=f}
Armour
 b - a +0 leather armour (worn)
 c - a +1 helmet (worn)
Scrolls
 e - a scroll of noise {unknown}
 h - a scroll of identify {unknown}
 i - 2 scrolls of holy word {unknown}
 l - a scroll of magic mapping {unknown}

Dungeon Overview and Level Annotations

Branches:
Dungeon (4/15)
 Temple: D:4-7

Altars:
Qazlal

Annotations:
D:4 2 transporters, runninginthe90s's ghost, amateur KoEn

... .### .....
.#.###.......
......>....[ ..........
#....#..# ##....#..##
##@).......###
..#.#)#o...###...######
o...........###....#...
........##....#........
#...##...##............
##......(.##...........
##..###....[##........
..# #......#........ ..
.......##......#.


You could see an orc priest.


Message History

The orc misses you.
You hit the orc priest.
The orc priest is almost dead.
You slash the orc!
You kill the orc!
The orc priest calls down the wrath of Beogh upon you.
Pain shoots through your body!
* * * LOW HITPOINT WARNING * * *
The orc priest hits you but does no damage.
The orc priest is attracted toward you.
You slash the orc priest!
You kill the orc priest!
You hit the orc priest.
The orc priest begins to cast a cantrip, but forgets the words!
The orc priest shouts, "Beogh is our master!
Accept the truth or die!"
The orc priest barely misses you.
Your life force feels restored.
You barely miss the orc priest.
The orc priest is moderately wounded.
The orc priest hits you with a +0 flail!
* * * LOW HITPOINT WARNING * * *
You closely miss the orc priest.
The orc priest is moderately wounded.
The orc priest shouts, "Surrender to Beogh and we'll let you live!"
The orc priest barely misses you.
You hit the orc priest.
The orc priest is heavily wounded.
The orc priest invokes the aid of Beogh against you.
Pain shoots through your body!
You die...

Skill      XL: |  1  2  3  4 |
---------------+-------------+-----
Axes           | 5 6 7 |  7.9
Fighting       | |  2.4
Throwing       | |  1.7
Dodging        | |  2.4

Action                   |  1- 3 |  4- 6 || total
-------------------------+-------+-------++-------
Melee: War axe           |   107 |    81 ||   188
  Use: Scroll            |     3 |       ||     3
       Potion            |     2 |     5 ||     7
Armor: Leather armour    |    46 |    29 ||    75
Dodge: Dodged            |    74 |    55 ||   129

Levels and vault maps discovered:
D:1:      amcnicky_arrival_wind_blow, layout_basic,
          shapermc_ecumenical_altar_petra, minmay_tetromino_s2
D:2:      layout_basic, basic_altar, kennysheep_generic_room_8
D:3:      layout_basic, mainiacjoe_overflow_small_starburst, minmay_rat_hole,
          uniq_natasha
D:4:      layout_cave_pools, gammafunk_ghost_smash

Notes
Turn   | Place    | Note
-------+----------+-------------------------------------------
     0 | D:1      | demibob the Hill Orc Gladiator began the quest for the Orb.
     0 | D:1      | Reached XP level 1. HP: 18/18 MP: 1/1
   114 | D:1      | Reached XP level 2. HP: 20/25 MP: 2/2
   283 | D:1      | Reached skill level 5 in Axes
   421 | D:1      | Found a faded altar of an unknown god.
   765 | D:2      | Reached XP level 3. HP: 30/30 MP: 3/3
   944 | D:2      | Found a stormy altar of Qazlal.
  1042 | D:2      | Reached skill level 6 in Axes
  1083 | D:2      | HP: 3/30 [poisoned by an adder]
  1083 | D:2      | HP: 1/30 [adder (2)]
  1325 | D:2      | Reached XP level 4. HP: 7/37 MP: 4/4
  2135 | D:3      | Noticed a water moccasin
  2136 | D:3      | >>what
  2224 | D:4      | Reached skill level 7 in Axes
  2628 | D:4      | Noticed an ogre
  2629 | D:4      | Noticed runninginthe90s's ghost (amateur KoEn)
  2630 | D:4      | Found a transporter.
  2632 | D:4      | Found a transporter.
  2669 | D:4      | Gained mutation: You are robust. (+10% HP) [potion of
                  | mutation]
  2669 | D:4      | Gained mutation: You are partially covered in iridescent
                  | scales. (AC +2) [potion of mutation]
  2672 | D:4      | Reached XP level 5. HP: 24/45 MP: 5/5
  2675 | D:4      | HP: 1/46 [orc priest (9)]
  2677 | D:4      | Killed from afar by an orc priest

Vanquished Creatures
  An orc priest (D:4)
  An orc wizard (D:4)
  4 adders
  A dart slug (D:2)
  3 orcs
  4 ball pythons
  5 bats
  2 endoplasms (D:1)
  2 giant cockroaches
  9 goblins
  6 hobgoblins
  5 kobolds
  5 quokkas
  A frilled lizard (D:2)
  22 rats
71 creatures vanquished.

Table legend: (Time is in decaauts)
 A = Elapsed time spent in this place.
 B = Non-inter-level travel time spent in this place.
 C = Inter-level travel time spent in this place.
 D = Time resting spent in this place.
 E = Time spent auto-exploring this place.
 F = Levels seen in this place.
 G = Mean time per level.
                   A        B        C        D        E       F      G
               +--------+--------+--------+--------+--------+-----+--------+
         Total |   2680 |   2642 |     38 |    781 |   1397 |   4 |  670.0 |
       Dungeon |   2680 |   2642 |     38 |    781 |   1397 |   4 |  670.0 |
               +--------+--------+--------+--------+--------+-----+--------+

Top non-repeatable levels by time:
     D:2: 1091 daAuts
     D:1: 771 daAuts
     D:4: 512 daAuts
     D:3: 305 daAuts

Table legend:
 A = Non-vault XP
 B = Vault XP
 C = Vault XP percentage of total XP
 D = Non-vault monster count
 E = Vault monster count
 F = Vault count percentage of total count
                 A         B        C        D         E       F
            +---------+---------+-------+---------+---------+-------
      Total |     194 |      39 |  16.7 |      48 |      23 |  32.4
            +---------+---------+-------+---------+---------+-------
        D:1 |      28 |       4 |  12.5 |      17 |       2 |  10.5
        D:2 |      37 |      15 |  28.8 |      15 |       2 |  11.8
        D:3 |      26 |      20 |  43.5 |       7 |      19 |  73.1
        D:4 |     103 |       0 |   0.0 |       9 |       0 |   0.0
            +---------+---------+-------+---------+---------+-------
